 Dungeon Crawl Stone Soup version 0.30-a0-964-gd452b5e7fa (webtiles) character file.

Game seed: 15163404237951079706

1777 Dirtsage the Cleaver (level 8, -3/58 HPs)
             Began as a Demonspawn Berserker on Mar 30, 2023.
             Was a Believer of Trog.
             Splashed by a jelly's acid (7 damage)
             ... on level 5 of the Dungeon.
             The game lasted 00:11:59 (4715 turns).

Dirtsage the Cleaver (Demonspawn Berserker)         Turns: 4715, Time: 00:12:00

Health: -3/58      AC: -5    Str: 19    XL:     8   Next: 81%
Magic:  8/8        EV: 11    Int:  8    God:    Trog [**....]
Gold:   228        SH:  0    Dex: 14    Spells: 7/7 levels left

rFire   . . .      SeeInvis .    a - +0 hand axe
rCold   . . .      Faith    .    (no shield)
rNeg    . . .      Spirit   .    k - +0 ring mail
rPois   .          Reflect  .    y - +0 helmet
rElec   .          Rampage  .    D - scarf {repulsion}
rCorr   .                        B - +0 pair of gloves
Will    .....                    (no boots)
Stlth   +                        (no amulet)
HPRegen 0.29/turn                (no ring)
MPRegen 0.11/turn                (no ring)

@: corroded, on berserk cooldown, slowed, repel missiles, very slow
A: icy blue scales 2, weakness stinger 2
a: Renounce Religion, Berserk, Trog's Hand


You were on level 5 of the Dungeon.
You worshipped Trog.
Trog was pleased with you.
You visited 1 branch of the dungeon, and saw 6 of its levels.

You collected 228 gold pieces.

Inventory:

Hand Weapons
 a - a +0 hand axe (weapon)
Armour
 k - a +0 ring mail (worn)
 t - a +1 cloak
 y - a +0 helmet (worn)
 B - a +0 pair of gloves (worn)
 D - a scarf of repulsion (worn)
Jewellery
 h - a ring of ice
 p - a +4 ring of protection
 x - a ring of fire
 A - an amulet of regeneration
 N - a ring of positive energy
Wands
 C - a wand of mindburst (15)
Scrolls
 b - a scroll of enchant weapon {unknown}
 c - 3 scrolls of identify {unknown}
 f - a scroll of noise {unknown}
 g - 3 scrolls of teleportation {unknown}
 m - 2 scrolls of blinking {unknown}
 n - a scroll of poison {unknown}
 q - 2 scrolls of fear {unknown}
 s - a scroll of amnesia {unknown}
 v - 2 scrolls of magic mapping {unknown}
 E - a scroll of immolation {unknown}
Potions
 d - 3 potions of mutation {unknown}
 e - a potion of brilliance {unknown}
 i - a potion of haste {unknown}
 j - a potion of degeneration {unknown}
 l - 2 potions of heal wounds
 o - 2 potions of magic {unknown}
 r - a potion of cancellation {unknown}
 u - a potion of ambrosia {unknown}
 w - a potion of might {unknown}
 z - 3 potions of curing {unknown}
 F - a potion of berserk rage {unknown}


   Skills:
 - Level 3.0 Fighting
 + Level 10.8 Axes
 - Level 1.7 Armour
 - Level 1.7 Dodging


You had 7 spell levels left.
You didn't know any spells.
Your spell library contained the following spells:

 Spells                   Type           Power      Damage    Failure   Level
 Slow                     Hex            0%         N/A       58%         1
 Confusing Touch          Hex            0%         N/A       92%         3
 Dazzling Flash           Conj/Hex       0%         N/A       92%         3
 Vampiric Draining        Necr           0%         2d6       92%         3
 Iskenderun's Mystic Bla  Conj/Tloc      0%         2d3       100%        4
 Starburst                Conj/Fire      0%         6d3       100%        6


Dungeon Overview and Level Annotations

Branches:
Dungeon (6/15)             Temple (0/1) D:6

Altars:
Cheibriados
Dithmenos
Fedhas
Sif Muna

Shops:
D:2 (


Innate Abilities, Weirdness & Mutations

You are mostly covered in icy blue scales. (AC +3)
You have a tail ending in a sharp stinger.


Message History

You are exhausted.
You feel yourself slow down.
You now have 47/58 hp.
You start resting.
A jelly comes into view.
You regained 3 hp, and now have 50/58 hp.
A jelly is nearby!
A jelly is nearby!
The jelly quivers.
The jelly hits you but does no damage. The jelly hits you.
The acid corrodes you!
You are splashed with acid!
You take 13 damage, and have 38/58 hp.
MASSIVE DAMAGE!!
There is a stone staircase leading up here.
You hit the jelly.
Your hands burn!
The jelly is moderately wounded.
The jelly closely misses you. The jelly barely misses you.
You take 2 damage, and have 36/58 hp.
You hit the jelly. The acid corrodes you!
Your hands burn!
You tail-slap the jelly, but do no damage.
The jelly is heavily wounded.
The jelly hits you. The acid corrodes you!
You are splashed with acid!
You take 14 damage, and have 22/58 hp.
MASSIVE DAMAGE!!
You hit the jelly but do no damage.
Your hands burn!
The jelly is heavily wounded.
The jelly hits you.
* * * LOW HITPOINT WARNING * * *
You are splashed with acid!
* * * LOW HITPOINT WARNING * * *
You take 14 damage, and have 8/58 hp.
MASSIVE DAMAGE!!
You barely miss the jelly.
You tail-slap the jelly, but do no damage.
The jelly is heavily wounded.
The jelly closely misses you.
You hit the jelly but do no damage. The acid corrodes you!
Your hands burn!
* * * LOW HITPOINT WARNING * * *
The jelly is heavily wounded.
The jelly hits you.
* * * LOW HITPOINT WARNING * * *
You are splashed with acid!
You die...

#.....#######.... #.#>..#
###.... ..:....## #.#...#
#...#.... .....)..#
#.#...#...[...... ........##
###.......#...#....
.........###....######........
................####..........
.............รท....##..........
......).))?.J@..[........####.
##)..................>##.
###....................#
................#.......#
....##.......###.####.......
..####!.........#.# ######## >
.....#.#####..... .##..#.#
#..## # #....# ##..#


You could see a jelly.

Vanquished Creatures
  A komodo dragon (D:6)
  Sigmund (D:4)
  Menkaure (D:4)
  Edmund (D:4)
  An orc warrior (D:6)
  A sky beast (D:6)
  A centaur (D:6)
  An ogre (D:6)
  2 kobold brigands (D:6)
  A bullfrog (D:6)
  A scorpion (D:5)
  The ghost of vishdafish the Conjurer, a weakling DsCj (D:3)
  A hound (D:5)
  An orc priest (D:5)
  A jelly (D:4)
  Crazy Yiuf (D:2)
  Natasha (thrice) (D:2)
  An orc wizard (D:3)
  2 iguanas (D:6)
  3 gnolls (D:4)
  6 adders
  A shadow imp (D:5)
  3 worms
  2 dart slugs
  16 orcs
  3 endoplasms
  4 giant cockroaches
  2 goblins
  5 hobgoblins
  3 jackals (D:2)
  10 kobolds
  4 quokkas (D:1)
  7 ball pythons
  5 bats
  3 frilled lizards (D:3)
  3 rats
103 creatures vanquished.

Notes
Turn   | Place    | Note
-------+----------+-------------------------------------------
     0 | D:1      | Dirtsage the Demonspawn Berserker began the quest for the
                  | Orb.
     0 | D:1      | Reached XP level 1. HP: 18/18 MP: 1/1
   142 | D:1      | Reached skill level 3 in Axes
   234 | D:1      | Gained mutation: You are partially covered in icy blue
                  | scales. (AC +2) [demonic ancestry]
   234 | D:1      | Reached XP level 2. HP: 15/24 MP: 2/2
  1040 | D:2      | Found Hoxet's Weapon Shop.
  1102 | D:2      | Reached XP level 3. HP: 29/29 MP: 3/3
  1133 | D:2      | Reached skill level 4 in Axes
  1203 | D:2      | Noticed Natasha
  1217 | D:2      | Killed Natasha
  1218 | D:2      | Reached XP level 4. HP: 32/35 MP: 4/4
  1319 | D:2      | Noticed Natasha
  1324 | D:2      | Killed Natasha
  1324 | D:2      | Reached ** piety under Trog
  1427 | D:2      | Noticed Natasha
  1433 | D:2      | Killed Natasha
  1434 | D:2      | Reached skill level 5 in Axes
  1517 | D:2      | Found a runed translucent door.
  1518 | D:2      | Noticed Crazy Yiuf
  1942 | D:2      | Killed Crazy Yiuf
  1943 | D:2      | Gained mutation: You have a small tail. [demonic ancestry]
  1943 | D:2      | Reached XP level 5. HP: 41/41 MP: 5/5
  2014 | D:3      | Found a runed translucent gate.
  2014 | D:3      | Found a runed translucent gate.
  2113 | D:3      | Found a runed translucent gate.
  2115 | D:3      | Noticed vishdafish's ghost (weakling DsCj)
  2128 | D:3      | Killed vishdafish's ghost
  2311 | D:3      | Found a shimmering blue altar of Sif Muna.
  2439 | D:3      | Found a shadowy altar of Dithmenos.
  2443 | D:3      | Reached skill level 6 in Axes
  2840 | D:3      | Gained mutation: You have a tail ending in a sharp stinger.
                  | [demonic ancestry]
  2840 | D:3      | Reached XP level 6. HP: 24/47 MP: 6/6
  3020 | D:3      | Found a blossoming altar of Fedhas.
  3022 | D:3      | Found a snail-covered altar of Cheibriados.
  3327 | D:4      | Noticed Sigmund
  3337 | D:4      | Killed Sigmund
  3338 | D:4      | Reached skill level 7 in Axes
  3461 | D:4      | Identified the +1 dagger of Change {protect, *Corrode
                  | +Blink rF+}
  3488 | D:4      | Noticed Edmund
  3502 | D:4      | Killed Edmund
  3503 | D:4      | Gained mutation: You are mostly covered in icy blue scales.
                  | (AC +3) [demonic ancestry]
  3503 | D:4      | Reached XP level 7. HP: 42/52 MP: 7/7
  3667 | D:4      | Noticed Menkaure
  3674 | D:4      | Killed Menkaure
  3675 | D:4      | Reached skill level 8 in Axes
  3886 | D:5      | Entered Level 5 of the Dungeon
  4023 | D:5      | You fall into a shaft and drop 1 floor!
  4028 | D:6      | Found a staircase to the Ecumenical Temple.
  4248 | D:6      | Reached skill level 9 in Axes
  4248 | D:6      | Reached XP level 8. HP: 58/58 MP: 8/8
  4504 | D:6      | Noticed a komodo dragon
  4510 | D:6      | Reached skill level 10 in Axes
  4518 | D:6      | Killed a komodo dragon
  4715 | D:5      | Splashed by a jelly's acid

Illustrated notes

Levels and vault maps discovered:
D:1:      dpeg_arrival_shrine, layout_loops_ring, chequers_serial_rivers_marsh
D:2:      layout_basic, serial_shops, nicolae_square_shop, uniq_natasha,
          uniq_crazy_yiuf_cottage
D:3:      layout_loops_corners, nicolae_sif_muna_little_library,
          mainiacjoe_overflow_brackets, minitemple, ebering_ghost_rock_garden
D:4:      layout_rooms, uniq_edmund, uniq_sigmund, uniq_menkaure
D:5:      layout_rooms
D:6:      layout_basic, minmay_temple_entry_water_ring,
          chequers_serial_rivers_micro_a, uniq_blork_the_orc

Skill      XL: |  1  2  3  4  5  6  7  8 |
---------------+-------------------------+-----
Axes           | 3 4 5 6 7 9 10 | 10.8
Fighting       | |  3.0
Armour         | |  1.7
Dodging        | |  1.7

Action                     |  1- 3 |  4- 6 |  7- 9 || total
---------------------------+-------+-------+-------++-------
  Melee: Hand axe          |    91 |   173 |   116 ||   380
         Punch             |     3 |     2 |       ||     5
         Tailslap          |       |    17 |    19 ||    36
 Invoke: Berserk           |     1 |     9 |     8 ||    18
 Armour: Animal skin       |    12 |       |       ||    12
         Ring mail         |    23 |    62 |    27 ||   112
  Dodge: Dodged            |    52 |    87 |    52 ||   191

Table legend: (Time is in decaauts)
 A = Elapsed time spent in this place.
 B = Non-inter-level travel time spent in this place.
 C = Inter-level travel time spent in this place.
 D = Time resting spent in this place.
 E = Time spent auto-exploring this place.
 F = Levels seen in this place.
 G = Mean time per level.
                   A        B        C        D        E       F      G
               +--------+--------+--------+--------+--------+-----+--------+
         Total |   4908 |   4731 |    177 |    911 |   3106 |   6 |  818.0 |
       Dungeon |   4908 |   4731 |    177 |    911 |   3106 |   6 |  818.0 |
               +--------+--------+--------+--------+--------+-----+--------+

Top non-repeatable levels by time:
     D:3: 1134 daAuts
     D:1: 1046 daAuts
     D:2: 1034 daAuts
     D:4: 805 daAuts
     D:6: 701 daAuts
     D:5: 186 daAuts
